SNL (28 & UNDER)
KEY WEST BARRACUDAS @ SANTA FE DIABLOS
08/07/2028
 
TOP OF THE 1ST
Key West Barracudas batting - Pitching for Santa Fe Diablos : LHP Dan O'Brien
Pitching: LHP Dan O'Brien
Batting: SHB Luis Manuel López 0-0: Bunt missed!
0-1: Fly out, F7 (Flyball, 78XD)
Batting: SHB Héctor Jiménez 0-0: Ground out 5-3 (Groundball, 56S)
Batting: RHB Frederick Chamberlain 0-0: Called Strike
0-1: Ground out 6-3 (Groundball, 6)
Top of the 1st over - 0 run(s), 0 hit(s), 0 error(s), 0 left on base; Key West 0 - Santa Fe 0
BOTTOM OF THE 1ST
Santa Fe Diablos batting - Pitching for Key West Barracudas : RHP George Bennion
Pitching: RHP George Bennion
Batting: LHB David Hernández 0-0: Foul Ball, location: 2F
0-1: SINGLE (Line Drive, 78S)
Batting: RHB Chris Deem 0-0: Called Strike
0-1: Foul Ball, location: 2F
0-2: Foul Ball, location: 2F
0-2: Foul Ball, location: 2F
0-2: Ball
1-2: SINGLE (Groundball, 6MD)
David Hernández to second
Runner from 2nd tries for 3rd, SAFE, throw made to third
Batting: RHB Mike Martin 0-0: Ball
1-0: Fly out, F8 (Flyball, 8RS)
Runner from 3rd tags up, SCORES, no throw
Batting: LHB Arturo Rodledo 0-0: Ball
1-0: Ball
2-0: Ball
3-0: Base on Balls
Chris Deem to second
Batting: RHB Frank Martínez 0-0: Called Strike
Chris Deem steals 3rd base
Arturo Rodledo to second
0-1: Foul Ball, location: 2F
0-2: Strikes out swinging
Batting: LHB Juan Torres 0-0: Called Strike
0-1: Swinging Strike
0-2: Fly out, F7 (Flyball, 7D)
Bottom of the 1st over - 1 run(s), 2 hit(s), 0 error(s), 2 left on base; Key West 0 - Santa Fe 1
TOP OF THE 2ND
Key West Barracudas batting - Pitching for Santa Fe Diablos : LHP Dan O'Brien
Batting: RHB John Smith 0-0: Called Strike
0-1: Ball
1-1: Ground out 1-3 (Groundball, 15)
Batting: SHB Jacob Knapp 0-0: Ball
1-0: Ball
2-0: Ball
3-0: Base on Balls
Batting: RHB Anastasio Zartuche 0-0: Called Strike
0-1: Called Strike
0-2: Ball
1-2: Ball
2-2: Strikes out swinging
Batting: RHB Chris Adams 0-0: Swinging Strike
0-1: Foul Ball, location: 2F
0-2: Foul Ball, location: 2F
0-2: Strikes out swinging
Top of the 2nd over - 0 run(s), 0 hit(s), 0 error(s), 1 left on base; Key West 0 - Santa Fe 1
BOTTOM OF THE 2ND
Santa Fe Diablos batting - Pitching for Key West Barracudas : RHP George Bennion
Batting: RHB Chris Rice 0-0: Ball
1-0: Called Strike
1-1: Ball
2-1: Swinging Strike
2-2: SINGLE (Groundball, 6) (infield hit)
Batting: SHB Scott Compton 0-0: Grounds into double play, 4-6-3 (Groundball, 4M)
Batting: RHB Keith Jones 0-0: SINGLE (Line Drive, 89S)
Batting: LHB David Hernández 0-0: Fielders Choice at 2nd, 4-6 (Groundball, 34)
Bottom of the 2nd over - 0 run(s), 2 hit(s), 0 error(s), 0 left on base; Key West 0 - Santa Fe 1
TOP OF THE 3RD
Key West Barracudas batting - Pitching for Santa Fe Diablos : LHP Dan O'Brien
Batting: RHB Domingo Hernández 0-0: Foul Ball, location: 2F
0-1: Fly out, F2 (Popup, 23)
Batting: RHB Júlio Cruz 0-0: Called Strike
0-1: Ball
1-1: Ball
2-1: Ground out 4-3 (Groundball, 4M)
Batting: SHB Luis Manuel López 0-0: Called Strike
0-1: Called Strike
0-2: Ball
1-2: Ball
2-2: Ball
3-2: SINGLE (Line Drive, 6M)
Batting: SHB Héctor Jiménez 0-0: Ball
1-0: Ball
2-0: Ground out 5-3 (Groundball, 5S)
Top of the 3rd over - 0 run(s), 1 hit(s), 0 error(s), 1 left on base; Key West 0 - Santa Fe 1
BOTTOM OF THE 3RD
Santa Fe Diablos batting - Pitching for Key West Barracudas : RHP George Bennion
Batting: RHB Chris Deem 0-0: Ground out 4-3 (Groundball, 4)
Batting: RHB Mike Martin 0-0: Ball
1-0: Foul Ball, location: 2F
1-1: Ground out 4-3 (Groundball, 4)
Batting: LHB Arturo Rodledo 0-0: Called Strike
0-1: Ball
1-1: Foul Ball, location: 2F
1-2: Fly out, F4 (Popup, 4MD)
Bottom of the 3rd over - 0 run(s), 0 hit(s), 0 error(s), 0 left on base; Key West 0 - Santa Fe 1
TOP OF THE 4TH
Key West Barracudas batting - Pitching for Santa Fe Diablos : LHP Dan O'Brien
Batting: RHB Frederick Chamberlain 0-0: Ball
1-0: Called Strike
1-1: Fly out, F8 (Flyball, 8RD)
Batting: RHB John Smith 0-0: Swinging Strike
0-1: Ball
1-1: Foul Ball, location: 2F
1-2: Fly out, F8 (Line Drive, 8LXD)
Batting: SHB Jacob Knapp 0-0: Ball
1-0: Ball
2-0: Ball
3-0: Base on Balls
Batting: RHB Anastasio Zartuche 0-0: Called Strike
0-1: Ball
1-1: Called Strike
1-2: Ball
2-2: Foul Ball, location: 2F
2-2: Strikes out looking
Top of the 4th over - 0 run(s), 0 hit(s), 0 error(s), 1 left on base; Key West 0 - Santa Fe 1
BOTTOM OF THE 4TH
Santa Fe Diablos batting - Pitching for Key West Barracudas : RHP George Bennion
Batting: RHB Frank Martínez 0-0: Ball
1-0: Ground out 1-3 (Groundball, 13S)
Batting: LHB Juan Torres 0-0: Ball
1-0: Swinging Strike
1-1: Swinging Strike
1-2: Fly out, F8 (Flyball, 78M)
Batting: RHB Chris Rice 0-0: Ball
1-0: Swinging Strike
1-1: Ball
2-1: Ball
3-1: Called Strike
3-2: Foul Ball, location: 2F
3-2: Foul Ball, location: 2F
3-2: Base on Balls
Batting: SHB Scott Compton 0-0: Ball
1-0: Swinging Strike
1-1: Called Strike
1-2: Ball
2-2: Ball
Chris Rice is caught stealing 2nd base
Bottom of the 4th over - 0 run(s), 0 hit(s), 0 error(s), 0 left on base; Key West 0 - Santa Fe 1
TOP OF THE 5TH
Key West Barracudas batting - Pitching for Santa Fe Diablos : LHP Dan O'Brien
Batting: RHB Chris Adams 0-0: Ground out 3-1 (Groundball, 34)
Batting: RHB Domingo Hernández 0-0: Ball
1-0: Called Strike
1-1: Foul Ball, location: 2F
1-2: Strikes out swinging
Batting: RHB Júlio Cruz 0-0: Called Strike
0-1: Called Strike
0-2: Ball
1-2: Ball
2-2: Ball
3-2: Ground out 4-3 (Groundball, 4)
Top of the 5th over - 0 run(s), 0 hit(s), 0 error(s), 0 left on base; Key West 0 - Santa Fe 1
BOTTOM OF THE 5TH
Santa Fe Diablos batting - Pitching for Key West Barracudas : RHP George Bennion
Batting: SHB Scott Compton 0-0: Called Strike
0-1: Ball
1-1: Ball
2-1: SINGLE (Groundball, 34D)
Pitching: RHP Sean Flynn
Batting: RHB Keith Jones 0-0: Ball
1-0: Foul Ball, location: 2F
1-1: Foul Ball, location: 2F
1-2: Ball
2-2: Foul Ball, location: 2F
2-2: Ball
3-2: Base on Balls
Scott Compton to second
Batting: LHB David Hernández 0-0: Called Strike
0-1: Ground out 5-3 (Groundball, 56S)
Scott Compton to third
Keith Jones to second
Batting: RHB Chris Deem 0-0: Called Strike
0-1: Foul Ball, location: 2F
0-2: Ball
1-2: Ball
2-2: Strikes out swinging
Batting: RHB Mike Martin 0-0: Foul Ball, location: 2F
0-1: Called Strike
0-2: Ball
1-2: Foul Ball, location: 2F
1-2: Strikes out looking
Bottom of the 5th over - 0 run(s), 1 hit(s), 0 error(s), 2 left on base; Key West 0 - Santa Fe 1
TOP OF THE 6TH
Key West Barracudas batting - Pitching for Santa Fe Diablos : LHP Dan O'Brien
Batting: SHB Luis Manuel López 0-0: Ball
1-0: Ball
2-0: SINGLE (Groundball, 5) (infield hit)
Batting: SHB Héctor Jiménez 0-0: Ball
Luis Manuel López steals 2nd base
1-0: Swinging Strike
1-1: Foul Ball, location: 2F
1-2: Ground out 6-3 (Groundball, 6)
Luis Manuel López to third
Batting: RHB Frederick Chamberlain 0-0: Ball
1-0: Ball
2-0: Called Strike
2-1: 2-RUN HOME RUN (Flyball, 7D), Distance : 346 ft
Batting: RHB John Smith 0-0: Foul Ball, location: 2F
0-1: Called Strike
0-2: Strikes out swinging
Batting: SHB Jacob Knapp 0-0: Ball
1-0: Ball
2-0: Ball
3-0: Called Strike
3-1: Base on Balls
Batting: RHB Anastasio Zartuche 0-0: Foul Ball, location: 2F
0-1: Foul Ball, location: 2F
0-2: Ball
1-2: Ball
Jacob Knapp is caught stealing 2nd base
Top of the 6th over - 2 run(s), 2 hit(s), 0 error(s), 0 left on base; Key West 2 - Santa Fe 1
BOTTOM OF THE 6TH
Santa Fe Diablos batting - Pitching for Key West Barracudas : RHP Sean Flynn
Batting: LHB Arturo Rodledo 0-0: Called Strike
0-1: Ball
1-1: Ball
2-1: Ball
3-1: Base on Balls
Batting: RHB Frank Martínez 0-0: Ball
1-0: Ball
2-0: Called Strike
2-1: Ball
3-1: Swinging Strike
3-2: Foul Ball, location: 2F
3-2: Fielders Choice at 2nd, 1-6 (Groundball, 13S)
Pitching: RHP Dennis Grange
Batting: LHB Juan Torres 0-0: Ball
1-0: Ball
2-0: Ball
3-0: Called Strike
3-1: Base on Balls
Frank Martínez to second
Batting: RHB Chris Rice 0-0: Ball
1-0: Called Strike
1-1: Fly out, F8 (Line Drive, 78D)
Batting: SHB Scott Compton 0-0: Ball
1-0: Ball
2-0: Called Strike
2-1: Foul Ball, location: 2F
2-2: Strikes out looking
Bottom of the 6th over - 0 run(s), 0 hit(s), 0 error(s), 2 left on base; Key West 2 - Santa Fe 1
TOP OF THE 7TH
Key West Barracudas batting - Pitching for Santa Fe Diablos : LHP Dan O'Brien
Pitching: RHP Tomás Marte
Batting: RHB Anastasio Zartuche 0-0: Foul Ball, location: 2F
0-1: Foul Ball, location: 2F
0-2: SINGLE (Line Drive, 9S)
Pinch Runner at 1st José Martínez:
Batting: RHB Chris Adams 0-0: Bunted foul
0-1: Ball
1-1: Bunt missed!
1-2: SINGLE (Line Drive, 89M)
José Martínez to second
Batting: RHB Domingo Hernández 0-0: Called Strike
0-1: Ball
1-1: SINGLE (Flyball, 78S)
José Martínez to third
Chris Adams to second
Runner from 3rd tries for Home, SAFE, no throw
Pinch Hitting: LHB Mauro Díaz 0-0: Bunted foul
0-1: Sac Bunt - play at first, batter OUT! 1-4
Chris Adams to third
Domingo Hernández to second
Pinch Hitting: LHB Daniel Byrd 0-0: Ball
1-0: Fly out, F7 (Flyball, 7)
Batting: SHB Héctor Jiménez 0-0: Ball
1-0: Ball
2-0: Foul Ball, location: 2F
2-1: Fly out, F7 (Flyball, 78M)
Top of the 7th over - 1 run(s), 3 hit(s), 0 error(s), 2 left on base; Key West 3 - Santa Fe 1
BOTTOM OF THE 7TH
Santa Fe Diablos batting - Pitching for Key West Barracudas : RHP Dennis Grange
Now at 1B: Mauro Díaz
Now at SS: José Martínez
Now in CF: Víctor Acevedo
Batting: RHB Keith Jones 0-0: Ball
1-0: Ball
2-0: Ball
3-0: Called Strike
3-1: Base on Balls
Batting: LHB David Hernández 0-0: Foul Ball, location: 2F
0-1: Fly out, F8 (Flyball, 8RM)
Batting: RHB Chris Deem 0-0: Called Strike
Keith Jones steals 2nd base
0-1: Ball
1-1: Ball
2-1: Called Strike
2-2: Ball
3-2: Base on Balls
Pinch Hitting: SHB Tex White 0-0: Foul Ball, location: 2F
0-1: Ball
1-1: Ball
2-1: Ball
3-1: Base on Balls
Keith Jones to third
Chris Deem to second
Batting: LHB Arturo Rodledo 0-0: Foul Ball, location: 2F
0-1: Swinging Strike
0-2: Foul Ball, location: 2F
0-2: Strikes out looking
Pinch Hitting: LHB John Bond 0-0: Ball
1-0: Fly out, F5 (Popup, 5S)
Bottom of the 7th over - 0 run(s), 0 hit(s), 0 error(s), 3 left on base; Key West 3 - Santa Fe 1
TOP OF THE 8TH
Key West Barracudas batting - Pitching for Santa Fe Diablos : RHP Tomás Marte
Now at 3B: Flint Todd
Now at SS: Tim Adkins
Batting: RHB Frederick Chamberlain 0-0: Ball
1-0: Ground out 5-3 (Groundball, 5)
Batting: RHB John Smith 0-0: Ball
1-0: Ball
2-0: Called Strike
2-1: Called Strike
2-2: Fly out, F9 (Flyball, 9S)
Batting: SHB Jacob Knapp 0-0: Ground out 6-3 (Groundball, 56)
Top of the 8th over - 0 run(s), 0 hit(s), 0 error(s), 0 left on base; Key West 3 - Santa Fe 1
BOTTOM OF THE 8TH
Santa Fe Diablos batting - Pitching for Key West Barracudas : RHP Dennis Grange
Pitching: LHP Josh Chamberlain
Batting: LHB Juan Torres 0-0: Ball
1-0: Ball
2-0: Foul Ball, location: 2F
2-1: Foul Ball, location: 2F
2-2: Foul Ball, location: 2F
2-2: DOUBLE (Line Drive, 7LM)
Batting: RHB Chris Rice 0-0: Ground out 4-3 (Groundball, 4)
Juan Torres to third
Batting: SHB Scott Compton 0-0: SINGLE (Flyball, 78S)
Juan Torres scores
Pinch Hitting: RHB José Alvarado 0-0: Called Strike
0-1: SINGLE (Groundball, 56D)
Scott Compton to second
Batting: LHB David Hernández 0-0: Fly out, F5 (Popup, 56)
Pinch Hitting: RHB Gerald Johnson 0-0: Ball
1-0: Ball
2-0: Ball
3-0: Base on Balls
Scott Compton to third
José Alvarado to second
Batting: RHB Flint Todd 0-0: Ball
1-0: Swinging Strike
1-1: SINGLE (Groundball, 6MD)
Scott Compton scores
José Alvarado to third
Gerald Johnson to second
Runner from 3rd tries for Home, SAFE, throw made at trailing runner, OUT at third!
Bottom of the 8th over - 3 run(s), 4 hit(s), 0 error(s), 1 left on base; Key West 3 - Santa Fe 4
TOP OF THE 9TH
Key West Barracudas batting - Pitching for Santa Fe Diablos : RHP Tomás Marte
Pitching: RHP Jonathan Long
Now at 2B: Gerald Johnson
Now in CF: Ángel Díaz
Pinch Hitting: RHB Steve Gómez 0-0: Ground out 4-3 (Groundball, 4)
Pinch Hitting: LHB Juan Acotia 0-0: Called Strike
0-1: Ball
1-1: Ball
2-1: Foul Ball, location: 2F
2-2: Ball
3-2: Strikes out swinging
Batting: RHB Domingo Hernández 0-0: Foul Ball, location: 2F
0-1: Ball
1-1: SINGLE (Groundball, 6MD)
Batting: LHB Mauro Díaz 0-0: Called Strike
0-1: Foul Ball, location: 2F
0-2: Ball
1-2: Foul Ball, location: 2F
1-2: Ground out 4-3 (Groundball, 4S)
Top of the 9th over - 0 run(s), 1 hit(s), 0 error(s), 1 left on base; Key West 3 - Santa Fe 4
Tuesday, August 8th, 2017 - OOTP Baseball 17.12 Build 75